 Dungeon Crawl Stone Soup version 0.31.0-32-g396128a36d (webtiles) character file.

Game seed: 7650030647279972526

205 tizbic2 the Shooter (level 5, -10/41 HPs)
             Began as a Demonspawn Hunter on Apr 14, 2024.
             Mangled by Menkaure (17 damage)
             ... on level 4 of the Dungeon.
             The game lasted 00:11:45 (3133 turns).

tizbic2 the Shooter (Demonspawn Hunter)             Turns: 3133, Time: 00:11:45

Health: -10/41     AC:  6    Str: 13    XL:     5   Next: 53%
Magic:  5/5        EV:  6    Int: 10    God:
Gold:   84         SH: 11    Dex: 16    Spells: 4/4 levels left

rFire   . . .        o - +3 sling of the Feral God {drain, Stlth+}
rCold   . . .        l - +0 tower shield
rNeg    + . .        d - +0 ring mail
rPois   .            m - +0 helmet
rElec   .            (no cloak)
rCorr   .            (no gloves)
SInv    .            (no boots)
Will    .....        (no amulet)
Stlth   ++           n - ring of positive energy
HPRegen 0.26/turn    (no ring)
MPRegen 0.09/turn

%: no passive effects
@: no status effects
A: powered by death 1, weakness stinger 1
a: no special abilities


You were on level 4 of the Dungeon.
You visited 1 branch of the dungeon, and saw 4 of its levels.

You collected 196 gold pieces.
You spent 112 gold pieces at shops.

Inventory:

Hand Weapons
 o - the +3 sling of the Feral God (weapon) {drain, Stlth+}
   (You found it on level 3 of the Dungeon)

   Stlth+:    It makes you more stealthy.
Missiles
 i - 5 poisoned darts
Armour
 d - a +0 ring mail (worn)
 l - a +0 tower shield (worn)
 m - a +0 helmet (worn)
Jewellery
 n - a ring of positive energy (left hand)
Scrolls
 b - a scroll of butterflies
 f - 2 scrolls of identify
 g - a scroll of immolation
 h - a scroll of noise
 j - a scroll of enchant armour {unknown}
 k - a scroll of teleportation
 q - a scroll of poison {unknown}
Potions
 a - a potion of enlightenment
 c - 2 potions of heal wounds {unknown}
 e - a potion of attraction
 p - a potion of lignification {unknown}


   Skills:
 + Level 3.1 Fighting
 * Level 4.8 Ranged Weapons
 + Level 1.9 Armour
 - Level 2.8 Dodging
 - Level 0.8 Stealth
 * Level 0.0 Shields


You had 4 spell levels left.
You didn't know any spells.
Your spell library contained the following spells:

 Spells                   Type           Power      Damage    Failure   Level
 Necrotise                Necr           0%         1d4       100%        1
 Vampiric Draining        Necr           0%         2d6       100%        3
 Martyr's Knell           Necr/Summ      0%         N/A       100%        4
 Curse of Agony           Necr           0%         N/A       100%        5


Dungeon Overview and Level Annotations

Branches:
Dungeon (4/15)
 Temple: D:4-7

Altars:
Fedhas
Makhleb
Trog

Shops:
D:1 [   D:2 [

Annotations:
D:4 1 runed translucent door, Consumeair16's ghost, amateur GnWn; Menkaure


Innate Abilities, Weirdness & Mutations

You regenerate a little health from kills.
You have a small tail.


Message History

You shoot a sling bullet. The sling bullet hits the quokka.
You kill the quokka!
You now have 72 gold pieces (gained 14).
Found 12 gold pieces.
Found a lumpy orange potion.
p - a lumpy silvery potion
Found a scroll labelled YNGYRYSS UNLU.
You now have 84 gold pieces (gained 12).
q - a scroll labelled YNGYRYSS UNLU
Things that are here:
a +0 short sword; 4 stones; a kobold corpse
c - 2 lumpy orange potions (gained 1)
Found a bubbling sapphire potion.
Found a runed translucent door.
Press: ? - help, v - describe, . - travel
Here: Consumeair16's ghost (fire blocked by a runed translucent door) Some shallow water.
Menkaure, Prince of Dust comes into view.
You shoot a sling bullet. The sling bullet hits Menkaure.
Menkaure shouts!
Menkaure is lightly damaged.
Menkaure calls on the powers of darkness!
Your body is wracked with pain!
You shoot a sling bullet.
The sling bullet barely misses Menkaure.
You shoot a sling bullet.
The sling bullet hits Menkaure but does no damage.
Menkaure is lightly damaged.
Menkaure gestures wildly while chanting.
Menkaure seems to speed up.
You shoot a sling bullet.
The sling bullet barely misses Menkaure.
You shoot a sling bullet. The sling bullet hits Menkaure.
Menkaure is moderately damaged.
Menkaure gestures at you while chanting.
Pain shoots through your body! Menkaure hits you!!
* * * LOW HITPOINT WARNING * * *
You shoot a sling bullet.
The sling bullet barely misses Menkaure.
Menkaure hits you!
You die...

#######...# #..###
#######.## #....)..#
#########.....###
..............#
#########.....#
#########.....#
...........†.@#
#####.†<.....M......#
#..######...######
#.# ..### ... ..##
### ..# ... ..#.


You could see Menkaure (fast).

Vanquished Creatures
  A bullfrog (D:3)
  An orc priest (D:3)
  An orc wizard (D:3)
  A gnoll (D:1)
  2 adders (D:3)
  A dart slug (D:2)
  2 ribbon worms
  2 orcs (D:3)
  3 endoplasms
  2 giant cockroaches
  5 goblins
  7 hobgoblins
  4 kobolds
  A quokka (D:4)
  5 ball pythons
  7 bats
  2 frilled lizards
  3 rats
50 creatures vanquished.

Notes
Turn   | Place    | Note
-------+----------+-------------------------------------------
     0 | D:1      | tizbic2 the Demonspawn Hunter began the quest for the Orb.
     0 | D:1      | Reached XP level 1. HP: 16/16 MP: 1/1
   490 | D:1      | Gained mutation: You regenerate a little health from kills.
                  | [demonic ancestry]
   490 | D:1      | Reached XP level 2. HP: 22/22 MP: 2/2
   554 | D:1      | Found Tashe's Antique Armour Shoppe.
  1137 | D:2      | Reached skill level 4 in Ranged Weapons
  1143 | D:2      | Found Cofete's Armour Boutique.
  1454 | D:2      | Reached XP level 3. HP: 28/28 MP: 3/3
  2381 | D:1      | Bought a tower shield for 112 gold pieces
  2421 | D:3      | Found a faded altar of an unknown god.
  2493 | D:3      | Found a bloodstained altar of Trog.
  2531 | D:3      | Reached skill level 1 in Armour
  2574 | D:3      | Identified the +3 sling of the Feral God {drain, Stlth+}
  2641 | D:3      | Found a burning altar of Makhleb.
  2656 | D:3      | Discovered your monstrous ancestry.
  2656 | D:3      | Gained mutation: You have a small tail. [demonic ancestry]
  2656 | D:3      | Reached XP level 4. HP: 34/34 MP: 4/4
  2925 | D:3      | Found a blossoming altar of Fedhas.
  2927 | D:3      | Noticed a bullfrog
  2933 | D:3      | Killed a bullfrog
  2934 | D:3      | Reached XP level 5. HP: 40/41 MP: 5/5
  3114 | D:4      | Found a runed translucent door.
  3114 | D:4      | Noticed Consumeair16's ghost (amateur GnWn)
  3126 | D:4      | Noticed Menkaure
  3133 | D:4      | Mangled by Menkaure

Illustrated notes

Levels and vault maps discovered:
D:1:      heliophobic_arrival_dark_side_of_the_moon, layout_basic, serial_shops,
          shop
D:2:      layout_basic, serial_shops, nicolae_shop_stone
D:3:      layout_rooms, mainiacjoe_overflow_paths, fedhas_altar_2,
          trog_hazing_becter, dreamdust_ecumenical_altar_grove,
          minmay_fountain_box
D:4:      layout_rooms, nemelex_dance_club_becter,
          ebering_ghost_reflecting_pool, serial_shops, shop,
          nicolae_shop_real_fake_doors, uniq_grinder, uniq_menkaure

Skill      XL: |  1  2  3  4 |
---------------+-------------+-----
Dodging        | 2 |  2.8
Ranged Weapons | 4 |  4.8
Armour         | 1 |  1.9
Fighting       | 3 |  3.1
Stealth        | |  0.8

Action                     |  1- 3 |  4- 6 || total
---------------------------+-------+-------++-------
  Melee: Hand axe          |    35 |       ||    35
   Fire: Shortbow          |    60 |       ||    60
         Sling             |    16 |    53 ||    69
    Use: Scroll            |     3 |     1 ||     4
         Potion            |       |     1 ||     1
 Armour: Ring mail         |    86 |    20 ||   106
  Dodge: Dodged            |    37 |     6 ||    43
  Block: Tower shield      |    73 |    14 ||    87
